 Dungeon Crawl Stone Soup version 0.27.1-1-g398f81649c (webtiles) character file.

Game seed: 7159884018235360696

35 MajorAdolf the Sneak (level 3, -1/31 HPs)
             Began as a Naga Wanderer on Sept 13, 2021.
             Slain by a hound (3 damage)
             ... on level 3 of the Dungeon.
             The game lasted 00:04:15 (1814 turns).

MajorAdolf the Sneak (Naga Wanderer)                Turns: 1814, Time: 00:04:16

Health: -1/31      AC:  2    Str: 16    XL:     3   Next: 33%
Magic:  3/3        EV:  9    Int: 10    God:
Gold:   15         SH:  0    Dex: 11    Spells: 1/2 levels left

rFire    . . .     SeeInvis +   d - +0 falchion
rCold    . . .     Faith    .   (no shield)
rNeg     . . .     Spirit   .   e - +0 robe
rPois    +         Reflect  .   (no helmet)
rElec    .         Harm     .   (no cloak)
rCorr    .         Rampage  .   (no gloves)
Will     .....                  (no barding)
Stlth    +++.......             (no amulet)
HPRegen  0.10/turn              (no ring)
MPRegen  0.08/turn              (no ring)

@: short of breath, very slow
A: AC +1, large, see invisible, deformed body, poison resistance, slowness 2,
spit poison 1, naga tail 1
a: Spit Poison


You were on level 3 of the Dungeon.
You visited 1 branch of the dungeon, and saw 3 of its levels.

You collected 15 gold pieces.

Inventory:

Hand Weapons
 a - a +0 club
 c - a +0 dagger
 d - a +0 falchion (weapon)
Armour
 b - a +2 leather armour
 e - a +0 robe (worn)
Scrolls
 f - 2 scrolls of identify {unknown}
 j - a scroll of brand weapon {unknown}
Potions
 g - 2 potions of curing {unknown}
 h - a potion of lignification {unknown}
 i - a potion of attraction {unknown}


   Skills:
 - Level 1.4 Fighting
 - Level 1.0 Short Blades
 - Level 1.0 Dodging
 - Level 5.8 Stealth
 + Level 0.2 Spellcasting
 + Level 2.5 Summonings
 - Level 1.0 Ice Magic
 - Level 2.0 Air Magic


You had one spell level left.
You knew the following spells:

 Your Spells              Type           Power      Damage    Failure   Level
a - Summon Small Mammal   Summ           20%        N/A       13%         1

Your spell library contained the following spells:

 Spells                   Type           Power      Damage    Failure   Level
 Poisonous Vapours        Pois/Air       4%         N/A       36%         2
 Static Discharge         Conj/Air       2%         N/A       36%         2
 Call Canine Familiar     Summ           5%         N/A       36%         3


Dungeon Overview and Level Annotations

Branches:
Dungeon (3/15)

Altars:


Innate Abilities, Weirdness & Mutations

Your serpentine skin is tough. (AC +1)
You have supernaturally acute eyesight. (SInv)
Armour fits poorly on your strangely shaped body.
Your system is resistant to poisons. (rPois)
You cover ground very slowly.
You can spit poison.
You have a snake-like lower body.


Message History

You barely miss the hound.
The hound is severely wounded.
The hound bites you. The hound bites you but does no damage.
Press: ? - help, Shift-Dir - straight line, f/p - hound
Aim: a hound (severely wounded)
The splash of poison hits the hound.
The hound is severely wounded.
The hound barely misses you. The hound completely misses you.
Unknown command.
You closely miss the hound.
The hound is severely wounded.
The hound bites you.
You closely miss the hound.
The hound is severely wounded.
The hound barely misses you.
You riposte.
You completely miss the hound.
The hound is severely wounded.
The hound bites you.
Unknown command.
You barely miss the hound.
The hound is severely wounded.
You have got your breath back.
The hound closely misses you. The hound bites you.
* * * LOW HITPOINT WARNING * * *
Unknown command.
You closely miss the hound.
The hound is severely wounded.
The hound bites you.
* * * LOW HITPOINT WARNING * * *
The hound completely misses you.
Unknown command.
Press: ? - help, Shift-Dir - straight line, f/p - hound
Aim: a hound (severely wounded)
The splash of poison hits the hound.
The hound is almost dead.
The hound closely misses you. The hound barely misses you.
Unknown command.
You barely miss the hound.
The hound is severely wounded.
The hound bites you.
You die...

..............
####..........
.............. .....
#########..#.#
.###.###...### #### ..##
#..#.#
.#.....#.....###..##....#
#..#.#
.#.#..##.....##....'....#
#..#.# ......##.....
#))..##..## ##...#
.##...##...#####@h## +
#...# ...........##..#'##
#.... ......##...'....##
#(..# ........†..#....#
#...# #..#...<)..##..##
##..# #.##..##....##+#
#..# #.##......#.# #..#
#.##...##)#.# ##.##
#......(..#.# ###..#


You could see a hound.

Vanquished Creatures
  An adder (D:3)
  A dart slug (D:2)
  An orc (D:3)
  An endoplasm (D:1)
  4 goblins
  3 hobgoblins
  2 kobolds
  6 ball pythons
  A bat (D:1)
  3 rats
23 creatures vanquished.

Notes
Turn   | Place    | Note
-------+----------+-------------------------------------------
     0 | D:1      | MajorAdolf the Naga Wanderer began the quest for the Orb.
     0 | D:1      | MajorAdolf set off with the following items: a +0 club, a
                  | +2 leather armour, a +0 dagger; and the following spell
                  | memorised: Summon Small Mammal; and the following spells
                  | available to memorise: Poisonous Vapours, Static Discharge,
                  | Call Canine Familiar
     0 | D:1      | Reached XP level 1. HP: 18/18 MP: 1/1
    39 | D:1      | Found a faded altar of an unknown god.
   546 | D:1      | Reached skill level 1 in Summonings
   588 | D:1      | You fall into a shaft and drop 1 floor!
   600 | D:3      | Reached XP level 2. HP: 14/25 MP: 2/2
  1206 | D:2      | Reached XP level 3. HP: 29/31 MP: 3/3
  1814 | D:3      | Slain by a hound

Illustrated notes

Levels and vault maps discovered:
D:1:      ebering_trefoil_3fold, layout_loops_corners, serial_shops,
          nicolae_shop_stone, hellmonk_ecumenical_altar_run_dry
D:2:      layout_rooms
D:3:      minmay_bubble_buster, layout_basic

Skill      XL: |  1  2 |
---------------+-------+-----
Summonings     | 1 2 |  2.5
Fighting       | |  1.4
Short Blades   | |  1.0
Dodging        | |  1.0
Stealth        | |  5.8
Spellcasting   | |  0.2
Ice Magic      | |  1.0
Air Magic      | |  2.0

Action                   || total
-------------------------++-------
Melee: Falchion          ||    55
       Dagger            ||     4
 Cast: Summon Small Mamm ||     2
 Abil: Spit Poison       ||    13
 Stab: Sleeping          ||     2
Armor: Leather armour    ||    17
       Robe              ||    15
Dodge: Dodged            ||    48
       Rpst.: Falchion   ||    12
